Map: Orbital Shipyard

Players

EverZtelecoM (telecom) - Winner!

  • Race: Zerg Zerg
  • League: Master

Tefel

  • Race: Zerg Zerg
  • League: Diamond

Event: ASL Season 5 Prime League LOTV Beta

VOD

Have the link to the VOD?

Description

Time

  • Played on: Sept. 5, 2015, 9:15 p.m.
  • Length: 5:13

All games in this series

Show
View Real Time Build Order
Export as new Build Order

EverZtelecoM Zerg - Winner!

Build Orders: Hatch First, Zergling Baneling 

Get SALT Encoding   

  12  0:01  Drone  
  13  0:09  Drone  
  14  0:16  Overlord  
  14  0:22  Extractor  
  14  0:23  Drone  
  15  0:35  Drone x2  
  17  0:44  Drone  
  18  0:56  Hatchery  
  17  0:58  Drone  
  18  1:06  Extractor  
  17  1:13  Spawning Pool  
  17  1:16  Drone  
  17  1:19  Drone  
  18  1:27  Drone  
  19  1:38  Drone  
  20  1:48  Overlord  
  20  2:00  Queen  
  22  2:05  Metabolic Boost  
  22  2:08  Queen  
  24  2:09  Zergling x4  
  24  2:12  Zergling x2  
  27  2:19  Zergling x2  
  27  2:22  Zergling x2  
  29  2:26  Baneling Nest  
  28  2:30  Zergling x2  
  28  2:32  Zergling x2  
  30  2:40  Zergling x2  
  30  2:42  Zergling x2  
  33  2:51  Zergling x2  
  33  2:52  Zergling x2  
  34  3:02  Overlord  
  34  3:03  Drone  
  35  3:08  Drone  
  35  3:10  Overlord  
  35  3:15  Baneling x4  
  35  3:16  Baneling  
  35  3:19  Zergling x2  
  36  3:21  Zergling x4  
  38  3:29  Zergling x2  
  38  3:32  Zergling x6  
  41  3:46  Zergling x2  
  41  3:47  Zergling x6  
  44  3:48  Zergling x2  
  44  3:56  Zergling x6  
  44  3:58  Zergling x2  
  44  4:02  Baneling x2  
  46  4:03  Baneling  
  46  4:04  Baneling  
  46  4:06  Zergling x2  
  46  4:10  Zergling x2  
  46  4:12  Drone  
  46  4:14  Baneling x2  
  47  4:18  Drone  
  47  4:21  Baneling  
  45  4:26  Drone  
  45  4:27  Drone  
  45  4:28  Drone  
  41  4:40  Zergling x8  
  41  4:42  Drone  
  46  4:47  Drone x2  
  46  4:49  Drone  
  46  4:51  Drone  
  49  4:52  Baneling  
  49  4:54  Baneling x2  
  49  4:57  Drone  
Show
View Real Time Build Order
Export as new Build Order

Tefel Zerg 

Build Orders: 3 Hatch before Pool 

Get SALT Encoding   

  12  0:01  Drone  
  13  0:09  Drone  
  14  0:17  Overlord  
  14  0:24  Extractor  
  14  0:25  Drone  
  15  0:35  Drone x2  
  17  0:53  Hatchery  
  17  0:54  Drone  
  18  0:57  Drone  
  18  1:20  Hatchery  
  17  1:29  Spawning Pool  
  17  1:30  Extractor  
  15  1:34  Drone  
  15  1:36  Drone  
  17  1:40  Drone  
  17  1:46  Drone  
  19  1:56  Drone  
  20  2:06  Drone  
  20  2:07  Overlord  
  21  2:16  Queen x2  
  21  2:19  Drone  
  21  2:22  Drone  
  27  2:27  Drone  
  28  2:31  Metabolic Boost  
  28  2:33  Drone  
  28  2:36  Zergling x2  
  30  2:41  Drone  
  30  2:43  Drone  
  32  2:51  Drone x2  
  32  2:52  Baneling Nest  
  33  2:59  Zergling x2  
  33  3:00  Zergling x6  
  37  3:06  Spine Crawler  
  37  3:07  Zergling x2  
  37  3:14  Zergling x2  
  37  3:15  Spine Crawler  
  37  3:17  Zergling x2  
  38  3:21  Zergling x4  
  40  3:34  Drone  
  40  3:35  Drone, Overlord  
  40  3:38  Baneling  
  40  3:39  Baneling x2  
  40  3:40  Baneling x2  
  42  3:48  Zergling x4  
  40  3:49  Zergling x2  
  40  3:50  Zergling x2  
  33  3:56  Drone x4  
  33  3:57  Drone  
  28  4:04  Zergling x2  
  28  4:07  Zergling x2  
  29  4:11  Zergling x2  
  29  4:15  Drone  
  31  4:19  Drone  
  28  4:25  Drone  
  28  4:26  Drone  
  30  4:36  Baneling x2  
  28  4:38  Drone x2  
  28  4:40  Drone  
  28  4:41  Drone  
  32  4:46  Drone x2  
  29  4:55  Drone  
  29  4:57  Drone  
Tags
 
Add a new tag
Caveats
  • Supply blocks, unpowered buildings, or Contaminate may cause inaccurate times.
  • Supply counts are checked every 10 seconds.